 Dungeon Crawl Stone Soup version 0.30.1-11-g7821555f0a (webtiles) character file.

Game seed: 5566520546761069421

9 Chiseanne the Trooper (level 2, 21/24 HPs)
             Began as a Demonspawn Wanderer on Nov 26, 2023.
             Quit the game on level 1 of the Dungeon.
             The game lasted 00:00:26 (159 turns).

Chiseanne the Trooper (Demonspawn Wanderer)          Turns: 159, Time: 00:00:27

Health: 21/24      AC:  5    Str: 13    XL:     2   Next: 3%
Magic:  3/3        EV: 10    Int: 14    God:
Gold:   17         SH:  0    Dex: 10    Spells: 2/3 levels left

rFire   . . .        a - +1 falchion
rCold   . . .        (no shield)
rNeg    . . .        d - +0 ring mail
rPois   .            (no helmet)
rElec   .            (no cloak)
rCorr   .            (no gloves)
SInv    .            (no boots)
Will    .....        (no amulet) Stlth
                     (no ring)
HPRegen 0.24/turn    (no ring)
MPRegen 0.08/turn

%: no passive effects
@: no status effects
A: claws 1
a: no special abilities


You were on level 1 of the Dungeon.
You visited 1 branch of the dungeon, and saw 1 of its levels.

You collected 17 gold pieces.

Inventory:

Hand Weapons
 a - a +1 falchion (weapon)
Missiles
 c - 5 stones
Armour
 d - a +0 ring mail (worn)
Scrolls
 b - a scroll of blinking
Potions
 e - a potion of magic {unknown}


   Skills:
 * Level 3.2 Fighting
 - Level 1.7 Long Blades
 - Level 1.7 Throwing
 * Level 0.6 Armour
 * Level 0.7 Dodging
 - Level 1.0 Spellcasting
 - Level 2.0 Hexes


You had 2 spell levels left.
You knew the following spells:

 Your Spells              Type           Power      Damage    Failure   Level
a - Slow                  Hex            24%        N/A       24%         1

Your spell library contained the following spells:

 Spells                   Type           Power      Damage    Failure   Level
 Confusing Touch          Hex            6%         N/A       58%         3
 Leda's Liquefaction      Hex/Erth       1%         N/A       98%         4


Dungeon Overview and Level Annotations

Branches:
Dungeon (1/15)

Altars:


Innate Abilities, Weirdness & Mutations

You have sharp fingernails.


Message History

An endoplasm comes into view.
The endoplasm quivers.
The endoplasm freezes you.
You are frozen.
You barely miss the endoplasm. The endoplasm closely misses you.
You slash the endoplasm!
You kill the endoplasm!
No target in view!
No target in view!
No target in view!
No target in view!
No target in view!
No target in view!
No target in view!
No target in view!
No target in view!
No target in view!
No target in view!
No target in view!
No target in view!
You now have 17 gold pieces (gained 6).
A quokka comes into view.
A hobgoblin comes into view.
The hobgoblin shouts!
You hit the quokka.
The quokka is almost dead.
The quokka bites you.
You barely miss the quokka.
The quokka is almost dead.
The quokka closely misses you.
You hit the quokka.
You kill the quokka!
The hobgoblin hits you but does no damage.
You barely miss the hobgoblin. The hobgoblin hits you.
You slash the hobgoblin!
You kill the hobgoblin!
You have reached level 2!
Your demonic ancestry asserts itself...
Your fingernails lengthen.
Are you sure you want to abandon this character and quit the game? (Confirm with "yes".)

#.###.......#
#..##.......##...
###
##..'.......##..
...
####).....###.#
..# #
#......###.##..#.#
#................#
#................#
#................#
#.........@†....>.
#.....#.........##
#.....###########
#.....# #.....#
#.....# #.....#
#.....# #.....#


There were no monsters in sight!

Vanquished Creatures
  2 ball pythons (D:1)
  An endoplasm (D:1)
  A goblin (D:1)
  2 hobgoblins (D:1)
  A quokka (D:1)
7 creatures vanquished.

Notes
Turn   | Place    | Note
-------+----------+-------------------------------------------
     0 | D:1      | Chiseanne the Demonspawn Wanderer began the quest for the
                  | Orb.
     0 | D:1      | Chiseanne set off with the following items: a +1 falchion,
                  | a scroll of blinking, a +0 robe; and the following spell
                  | memorised: Slow; and the following spells available to
                  | memorise: Confusing Touch, Leda's Liquefaction.
     0 | D:1      | Reached XP level 1. HP: 18/18 MP: 2/2
   159 | D:1      | Gained mutation: You have sharp fingernails. [demonic
                  | ancestry]
   159 | D:1      | Reached XP level 2. HP: 21/24 MP: 3/3
   159 | D:1      | Quit the game

Illustrated notes

Levels and vault maps discovered:
D:1:      lightli_arrival_isolated_outpost, layout_basic

Action                     || total
---------------------------++-------
  Melee: Falchion          ||    26
 Armour: Ring mail         ||     9
  Dodge: Dodged            ||    13
